 Dungeon Crawl Stone Soup version 0.29.1-1-gd02db6906a (webtiles) character file.

Game seed: 3028226187717275882

48 holycorn the Chopper (level 3, -5/34 HPs)
             Began as a Minotaur Berserker on Sept 20, 2022.
             Was a Believer of Trog.
             Killed from afar by Sigmund (11 damage)
             ... with a magic dart
             ... on level 2 of the Dungeon.
             The game lasted 00:04:11 (992 turns).

holycorn the Chopper (Minotaur Berserker)            Turns: 992, Time: 00:04:11

Health: -5/34      AC:  5    Str: 23    XL:     3   Next: 50%
Magic:  2/2        EV: 11    Int:  4    God:    Trog [**....]
Gold:   40         SH:  0    Dex:  9    Spells: 2/2 levels left

rFire   . . .      SeeInvis .   a - +0 hand axe
rCold   . . .      Faith    .   (no shield)
rNeg    . . .      Spirit   .   f - +0 ring mail
rPois   .          Reflect  .   (helmet restricted)
rElec   .          Harm     .   (no cloak)
rCorr   .          Rampage  .   (no gloves)
Will    .....                   (no boots)
Stlth   ..........              (no amulet)
HPRegen 0.11/turn               (no ring)
MPRegen 0.08/turn               (no ring)

@: no status effects
A: horns 2, retaliatory headbutt
a: Renounce Religion, Berserk, Trog's Hand


You were on level 2 of the Dungeon.
You worshipped Trog.
Trog was pleased with you.
You visited 1 branch of the dungeon, and saw 2 of its levels.

You collected 40 gold pieces.

Inventory:

Hand Weapons
 a - a +0 hand axe (weapon)
 i - a +2 short sword of speed
Armour
 b - a +0 animal skin
 f - a +0 ring mail (worn)
 l - a scarf of shadows
Scrolls
 c - 2 scrolls of identify {unknown}
 h - a scroll of immolation {unknown}
 j - a scroll of magic mapping {unknown}
 k - a scroll of blinking {unknown}
Potions
 d - a potion of degeneration {unknown}
 e - a potion of berserk rage {unknown}
 g - a potion of heal wounds {unknown}


   Skills:
 + Level 4.4 Fighting
 + Level 4.7 Axes
 - Level 2.4 Armour
 - Level 2.5 Dodging


You had 2 spell levels left.
You didn't know any spells.
Your spell library was empty.

Dungeon Overview and Level Annotations

Branches:
Dungeon (2/15)

Altars:

Shops:
D:2 *

Annotations:
D:2 Sigmund


Innate Abilities, Weirdness & Mutations

You have a pair of horns on your head.
You reflexively headbutt those who attack you in melee.


Message History

The goblin barely misses you.
Sigmund says, "Now you see me, now you don't..."
Your skin crawls.
You feel strong-willed. The goblin hits you with a +0 club.
Sigmund mumbles some strange words.
Sigmund flickers and vanishes!
Deactivating autopickup; reactivate with Ctrl-A.
You hit the goblin but do no damage. Your headbutt misses the goblin.
The goblin is severely wounded.
The goblin barely misses you.
You closely miss the goblin.
The goblin is severely wounded.
You closely miss the frilled lizard. The frilled lizard closely misses you.
You furiously retaliate!
You headbutt the frilled lizard!
You kill the frilled lizard!
Trog accepts your kill. The goblin hits you with a +0 club.
You hit the goblin.
You kill the goblin!
Trog accepts your kill.
You feel the effects of Trog's Hand fading.
You see here a worm corpse.
Something hits you but does no damage.
Your skin stops crawling.
You feel less strong-willed.
No target in view!
No target in view!
Something hits you.
You hit something but do no damage. Something hits you but does no damage.
You closely miss something. You closely miss something.
Your headbutt misses something. Something hits you!
You hit something. Something hits you but does no damage.
You closely miss something. You closely miss something.
Your headbutt misses something. Something hits you!
* * * LOW HITPOINT WARNING * * *
You hit something. Your headbutt misses something.
You hear some strange, mumbled words.
A magic dart appears from out of thin air!
The magic dart hits you!
You die...

.....)..........(.....#.#
......................#.#
.########.............#.#
..... #.####+#+#.####.#
.....#####.# ...# #.#
.......##.# ##### #.# .
......##.####.# ..#
..##....##......#
.<......#@...####
......†.#{...#
......).†....# .
.................. .
.###........###### #
#.[......# # #........# #
.## ####...#....# #
...........+....# #


There were no monsters in sight!

Vanquished Creatures
  A worm (D:2)
  A dart slug (D:1)
  3 ball pythons (D:2)
  4 endoplasms (D:1)
  2 giant cockroaches (D:2)
  5 goblins
  4 hobgoblins
  3 jackals (D:2)
  2 quokkas
  4 bats
  2 frilled lizards
  3 kobolds
  4 rats
38 creatures vanquished.

Notes
Turn   | Place    | Note
-------+----------+-------------------------------------------
     0 | D:1      | holycorn the Minotaur Berserker began the quest for the
                  | Orb.
     0 | D:1      | Reached XP level 1. HP: 19/19 MP: 0/0
   142 | D:1      | Reached XP level 2. HP: 19/27 MP: 1/1
   713 | D:2      | Found Utonuts's General Store.
   721 | D:2      | Reached ** piety under Trog
   733 | D:2      | Reached XP level 3. HP: 33/33 MP: 2/2
   967 | D:2      | Identified the +1 ring mail of Jonevioph {Will+ Dex+4}
   973 | D:2      | Noticed Sigmund
   992 | D:2      | Killed from afar by Sigmund

Illustrated notes

Levels and vault maps discovered:
D:1:      elethiomel_arrival_maze, layout_basic
D:2:      minmay_angry_zag, layout_basic, shapermc_ecumenical_altar_pompeii,
          serial_shops, shop, shop_statue, uniq_sigmund,
          uniq_crazy_yiuf_cottage, uniq_natasha

Skill      XL: |  1  2 |
---------------+-------+-----
Axes           | 4 |  4.7
Fighting       | 4 |  4.4
Armour         | |  2.4
Dodging        | |  2.5

Action                   || total
-------------------------++-------
Melee: Hand axe          ||    73
       Headbutt          ||    11
       Short sword       ||     3
Invok: Trog's Hand       ||     1
Armor: Animal skin       ||     5
       Ring mail         ||    21
Dodge: Dodged            ||    40
